 Dungeon Crawl Stone Soup version 0.26-a0-682-g294304f6e8 (webtiles) character file.

Game seed: 11014550335778803077

702 Kinoniko the Poker (level 7, -3/78 HPs)
             Began as an Ogre Monk on Oct 20, 2020.
             Was a Believer of the Shining One.
             Killed from afar by an orc wizard (5 damage)
             ... with a puff of flame
             ... on level 5 of the Dungeon.
             The game lasted 00:06:24 (5104 turns).

Kinoniko the Poker (Ogre Monk)                      Turns: 5104, Time: 00:06:25

Health: -3/78      AC:  5    Str: 18    XL:     7   Next: 66%
Magic:  7/7        EV: 10    Int: 11    God:    the Shining One [**....]
Gold:   211        SH:  0    Dex: 11    Spells: 6/6 levels left

rFire    + . .     SeeInvis .   j - +0 halberd
rCold    . . .     Faith    .   (shield currently unavailable)
rNeg     + . .     Spirit   .   b - +0 robe
rPois    .         Reflect  .   (helmet restricted)
rElec    .         Harm     .   (no cloak)
rCorr    .         Rampage  .   (gloves unavailable)
MR       .....                  (boots unavailable)
Stlth    +.........             (no amulet)
HPRegen  0.23/turn              h - ring of protection from fire
MPRegen  0.10/turn              (no ring)

@: stab, glowing
A: large, unfitting armour, hooves 1, horns 1, molten scales 1, tough skin 1
a: Divine Shield, Renounce Religion


You were on level 5 of the Dungeon.
You worshipped the Shining One.
The Shining One was pleased with you.
You visited 1 branch of the dungeon, and saw 5 of its levels.

You collected 211 gold pieces.

Inventory:

Hand Weapons
 a - a +0 spear
 j - a +0 halberd (weapon)
 l - a +0 trident
Armour
 b - a +0 robe (worn)
Jewellery
 h - a ring of protection from fire (left hand)
Wands
 i - a wand of enslavement (10)
Scrolls
 c - a scroll of magic mapping
 d - 6 scrolls of identify
 f - a scroll of fog {unknown}
 m - a scroll of remove curse {unknown}
Potions
 e - a potion of mutation
 g - 2 potions of curing


   Skills:
 + Level 7.3 Fighting
 * Level 7.3 Polearms
 - Level 2.7 Dodging
 - Level 1.4 Stealth


You had 6 spell levels left.
You didn't know any spells.
Your spell library was empty.

Dungeon Overview and Level Annotations

Branches:
Dungeon (5/15)
 Temple: D:4-7

Altars:
Gozag
Hepliaklqana
Ru
Trog
Wu Jian
Yredelemnul
Zin
The Shining One

Shops:
D:3 *


Innate Abilities, Weirdness & Mutations

You are too large for most types of armour.
You have tough skin. (AC +1)
You have large cloven feet.
You have a pair of small horns on your head.
You are partially covered in molten scales. (AC +2)


Message History

The orc wizard is almost dead.
The orc wizard casts a cantrip, but nothing happens.
The orc wizard miscasts a cantrip.
The shadow imp hits you.
* * * LOW HITPOINT WARNING * * *
The orc wizard gestures at you while chanting.
The puff of flame hits you. You resist.
* * * LOW HITPOINT WARNING * * *
The orc barely misses you.
You slash the orc wizard!
You kill the orc wizard!
Reactivating autopickup.
The orc wizard looks encouraged for a moment.
The shadow imp gestures at you. Pain shoots through your body!
* * * LOW HITPOINT WARNING * * *
The orc hits you but does no damage. The orc wizard casts a spell at you.
The puff of flame hits you. You resist.
You die...

#............#.## #...
#..............##....
#..).................
###..)###.....#......
#....#..##..#......
#....##............
##..#.###...)....$..
#..##.##...oo5......
#...........@)......
###..................
#....##..............
####...................
##.###...........#?.#.).
.............#...#..#...
#........#........... ..
##..##...#............
....###........


You could see an orc wizard (fast), a shadow imp and an orc.

Vanquished Creatures
  Grinder (D:5)
  A scorpion (D:4)
  A hound (D:4)
  An orc priest (D:4)
  A jelly (D:5)
  4 orc wizards
  An iguana (D:4)
  A worker ant (D:4)
  A hound skeleton (D:4)
  2 adders
  4 gnolls (D:4)
  An ooze (D:1)
  An adder zombie (D:5)
  3 worms
  3 dart slugs
  3 leopard geckos
  20 orcs
  8 bats
  4 giant cockroaches
  9 goblins
  A hobgoblin (D:2)
  4 jackals (D:2)
  2 quokkas
  A ball python (D:2)
  6 frilled lizards
  A jackal skeleton (D:5)
  7 kobolds
  12 rats
  A spectral orc (D:2)
105 creatures vanquished.

Notes
Turn   | Place    | Note
-------+----------+-------------------------------------------
     0 | D:1      | Kinoniko the Ogre Monk began the quest for the Orb.
     0 | D:1      | Reached XP level 1. HP: 24/24 MP: 1/1
    30 | D:1      | You fall into a shaft and drop 1 floor!
    41 | D:2      | Reached XP level 2. HP: 30/32 MP: 2/2
   281 | D:1      | Reached XP level 3. HP: 40/40 MP: 3/3
  1663 | D:2      | Found a hazy altar of Hepliaklqana.
  1701 | D:2      | Found a bloodstained altar of Trog.
  1924 | D:2      | Reached XP level 4. HP: 22/49 MP: 4/4
  2302 | D:2      | Found a sacrificial altar of Ru.
  2487 | D:2      | Found a basalt altar of Yredelemnul.
  2599 | D:2      | Reached skill level 5 in Fighting
  2635 | D:2      | Noticed a phantom
  2660 | D:2      | Gained mutation: You are partially covered in molten
                  | scales. (AC +2) [potion of mutation]
  2660 | D:2      | Gained mutation: You have large cloven feet. [potion of
                  | mutation]
  2660 | D:2      | Gained mutation: You have a pair of small horns on your
                  | head. [potion of mutation]
  2908 | D:3      | Reached skill level 5 in Polearms
  2908 | D:3      | Reached XP level 5. HP: 31/57 MP: 5/5
  3157 | D:3      | Found an opulent altar of Gozag.
  3158 | D:3      | Found Gozag's Platinum Reserve.
  3230 | D:3      | Found an ornate altar of the Wu Jian Council.
  3557 | D:3      | Found a glowing silver altar of Zin.
  4010 | D:4      | Reached XP level 6. HP: 36/67 MP: 6/6
  4876 | D:4      | Reached XP level 7. HP: 76/76 MP: 7/7
  4909 | D:4      | Found a glowing golden altar of the Shining One.
  4966 | D:4      | Became a worshipper of the Shining One
  4966 | D:4      | Reached * piety under the Shining One
  4966 | D:4      | Reached ** piety under the Shining One
  5038 | D:5      | Entered Level 5 of the Dungeon
  5085 | D:5      | Noticed Grinder
  5095 | D:5      | Killed Grinder
  5104 | D:5      | HP: 2/78 [shadow imp/nerve-wracking pain (4)]
  5104 | D:5      | Killed from afar by an orc wizard

Illustrated notes

Levels and vault maps discovered:
D:1:      psy_arrival_basics, layout_basic, chequers_arboretum
D:2:      layout_basic, lemuel_crystal_altar,
          yredelemnul_forgotten_temple_becter, lightli_temple_of_fire,
          nicolae_ru_awakened_eye
D:3:      layout_loops_corners, lemuel_round_altar,
          nicolae_overflow_crystal_walls, nicolae_gozag_zags_fifth_avenue
D:4:      layout_rooms, tso_altar, wad_orctagon
D:5:      layout_cave_pools, minmay_temple_entry_stoned_glass, uniq_grinder

Skill      XL: |  1  2  3  4  5  6  7 |
---------------+----------------------+-----
Polearms       | 4 5 6 7 |  7.3
Fighting       | 5 6 7 |  7.3
Dodging        | |  2.7
Stealth        | |  1.4

Action                   |  1- 3 |  4- 6 |  7- 9 || total
-------------------------+-------+-------+-------++-------
Melee: Spear             |   158 |   178 |       ||   336
       Headbutt          |       |    23 |     1 ||    24
       Kick              |       |    30 |     5 ||    35
       Halberd           |       |    33 |    20 ||    53
  Use: Scroll            |     4 |     4 |       ||     8
       Potion            |       |     1 |     2 ||     3
 Stab: Sleeping          |     2 |     6 |       ||     8
Armor: Robe              |    25 |    40 |    17 ||    82
Dodge: Dodged            |    58 |    92 |    25 ||   175

Table legend: (Time is in decaauts)
 A = Elapsed time spent in this place.
 B = Non-inter-level travel time spent in this place.
 C = Inter-level travel time spent in this place.
 D = Time resting spent in this place.
 E = Time spent auto-exploring this place.
 F = Levels seen in this place.
 G = Mean time per level.
                   A        B        C        D        E       F      G
               +--------+--------+--------+--------+--------+-----+--------+
         Total |   5082 |   4918 |    164 |   1574 |   2583 |   5 | 1016.4 |
       Dungeon |   5082 |   4918 |    164 |   1574 |   2583 |   5 | 1016.4 |
               +--------+--------+--------+--------+--------+-----+--------+

Top non-repeatable levels by time:
     D:2: 1801 daAuts
     D:3: 1105 daAuts
     D:1: 1056 daAuts
     D:4: 1050 daAuts
     D:5: 69 daAuts
